 Seeded DCSS version 0.30.0-29-ga12c61a403 (webtiles) character file.

Game seed: 18007716519941398942 (custom seed)

7754 BONEBRO the Severer (level 11, -3/79 HPs)
             Began as a Human Artificer on June 22, 2023.
             Slain by a yak (5 damage)
             ... on level 10 of the Dungeon.
             The game lasted 00:26:50 (9527 turns).

BONEBRO the Severer (Human Artificer)               Turns: 9527, Time: 00:26:51

Health: -3/79      AC:  7    Str: 23    XL:     11   Next: 43%
Magic:  11/11      EV: 26    Int:  7    God:
Gold:   615        SH:  0    Dex: 13    Spells: 10/10 levels left

rFire   + . .        s - +16 consecrated labrys {holy, Valiant Fragile Fly SInv}
rCold   . . .        (no shield)
rNeg    + + +        (no body armour)
rPois   .            M - +1 hat {Will+}
rElec   .            A - +0 cloak
rCorr   .            (no gloves)
SInv    +            C - +0 pair of boots of the Sun {rF+ rN+++ Int-5 Stlth+}
Will    +....        j - amulet of the acrobat
Stlth   +++          B - +4 ring of protection
HPRegen 0.33/turn    P - +6 ring of strength
MPRegen 0.12/turn

%: acrobat
@: acrobatic, flying
A: no striking features
a: no special abilities


You were on level 10 of the Dungeon.
You visited 1 branch of the dungeon, and saw 10 of its levels.

You collected 615 gold pieces.

Inventory:

Hand Weapons
 a - a +0 club
 s - the +16 consecrated labrys (weapon) {holy, Valiant Fragile Fly SInv}
   (You acquired it on level 2 of the Dungeon)

   Valiant:   It becomes more powerful as more dangerous foes come into view.
   SInv:      It lets you see invisible.
   Fly:       It grants you flight.
   Fragile:   It will be destroyed if unequipped.
 w - the +2 hand axe "Plog" {drain, +Blink rCorr}
   (You found it on level 2 of the Dungeon)

   +Blink:    It lets you blink.
   rCorr:     It protects you from acid and corrosion.
Missiles
 x - 5 throwing nets
Armour
 b - a +0 leather armour
 t - a +0 chain mail
 A - a +0 cloak (worn)
 C - the +0 pair of boots of the Sun (worn) {rF+ rN+++ Int-5 Stlth+}
   (You acquired it on level 2 of the Dungeon)

   Int:       It affects your intelligence (-5).
   rF:        It protects you from fire.
   rN:        It renders you almost immune to negative energy.
   Stlth:     It makes you more stealthy.
 M - a +1 hat of willpower (worn)
Jewellery
 f - an amulet of faith
 j - an amulet of the acrobat (around neck)
 n - an amulet of guardian spirit
 y - a ring of willpower
 B - a +4 ring of protection (left hand)
 D - a ring of positive energy
 P - a +6 ring of strength (right hand)
Wands
 d - a wand of charming (15)
 e - a wand of iceblast (4)
 I - a wand of polymorph (13)
 L - a wand of mindburst (10)
 Q - a wand of paralysis (1)
Scrolls
 c - a scroll of enchant weapon {unknown}
 g - a scroll of magic mapping
 l - a scroll of immolation
 m - a scroll of enchant armour
 o - a scroll of silence {unknown}
 p - 2 scrolls of brand weapon {unknown}
 r - 2 scrolls of fog
 v - 4 scrolls of amnesia
 E - a scroll of blinking {unknown}
 F - 2 scrolls of torment {unknown}
 G - a scroll of vulnerability {unknown}
 H - 4 scrolls of teleportation
 N - a scroll of poison {unknown}
 R - 2 scrolls of identify
Potions
 h - 2 potions of berserk rage
 i - 5 potions of attraction
 k - 4 potions of might
 q - 2 potions of heal wounds
 u - a potion of haste {unknown}
 z - a potion of resistance {unknown}
 J - 3 potions of degeneration
 K - 5 potions of curing
 O - a potion of brilliance {unknown}
 S - a potion of flight {unknown}


   Skills:
 - Level 5.0 Fighting
 + Level 15.5 Axes
 - Level 10.0 Armour
 - Level 1.0 Dodging
 - Level 1.0 Stealth
 - Level 3.3 Evocations


You had 10 spell levels left.
You didn't know any spells.
Your spell library contained the following spells:

 Spells                   Type           Power      Damage    Failure   Level
 Apportation              Tloc           0%         N/A       43%         1
 Necrotise                Necr           0%         1d4       43%         1
 Summon Small Mammal      Summ           0%         N/A       43%         1
 Blink                    Tloc           0%         N/A       56%         2
 Lesser Beckoning         Tloc           0%         N/A       56%         2
 Dazzling Flash           Conj/Hex       0%         N/A       80%         3
 Gell's Gravitas          Tloc           0%         N/A       80%         3
 Inner Flame              Hex/Fire       0%         N/A       80%         3
 Teleport Other           Tloc           0%         N/A       80%         3
 Flame Wave               Conj/Fire      0%         2d4       99%         4
 Manifold Assault         Tloc           0%         N/A       99%         4
 Sticky Flame             Conj/Fire      0%         2d3       99%         4
 Agony                    Necr           0%         N/A       100%        5
 Alistair's Intoxication  Tmut/Pois      0%         N/A       100%        5
 Borgnjor's Vile Clutch   Necr/Erth      0%         N/A       100%        5
 Fireball                 Conj/Fire      0%         3d3       100%        5
 Iskenderun's Battlesphe  Conj           0%         2d6       100%        5
 Silence                  Hex/Air        0%         N/A       100%        5
 Conjure Ball Lightning   Conj/Air       0%         3x3d6     100%        6
 Eringya's Noxious Bog    Tmut/Pois      0%         N/A       100%        6
 Orb of Destruction       Conj           0%         9d5       100%        7
 Storm Form               Tmut/Air       0%         N/A       100%        7


Dungeon Overview and Level Annotations

Branches:
Dungeon (10/15)            Temple (0/1) D:7             Orc (0/2) D:9
   Lair: D:8-11

Altars:
Nemelex Xobeh
Okawaru
Qazlal
Ru
Trog
Wu Jian
Xom
Yredelemnul
Zin
The Shining One

Shops:
D:2 :   D:6 ?   D:7 (


Message History

The yak gores you! The yak closely misses you. The yak misses you.
The yak misses you. The yak closely misses you. The yak misses you.
The yak completely misses you. x2; The yak closely misses you.
The yak closely misses you. The yak barely misses you.
The yak completely misses you. The yak misses you.
The yak completely misses you. x2
The yak misses you. The yak closely misses you. The yak completely misses you.
The yak completely misses you. x2; The yak closely misses you.
The yak completely misses you. The yak misses you. The yak gores you.
The yak barely misses you. The yak completely misses you.
The yak barely misses you.
The yak completely misses you. x2; The yak gores you but does no damage.
The yak completely misses you. The yak misses you.
The yak completely misses you.
The yak closely misses you. x2; The yak barely misses you.
The yak completely misses you. x2; The yak barely misses you.
The yak closely misses you. The yak completely misses you.
The yak closely misses you. The yak gores you but does no damage.
The yak closely misses you. The yak completely misses you.
The yak completely misses you. The yak gores you!
* * * LOW HITPOINT WARNING * * *
The yak misses you. The yak closely misses you. The yak gores you.
* * * LOW HITPOINT WARNING * * *
The yak gores you.
* * * LOW HITPOINT WARNING * * *
The yak misses you. The yak completely misses you. x2
The yak gores you but does no damage. The yak misses you. x2
The yak misses you. The yak gores you!
* * * LOW HITPOINT WARNING * * *
The yak closely misses you. The yak closely misses you.
The yak gores you but does no damage. The yak closely misses you.
The yak closely misses you. The yak gores you.
* * * LOW HITPOINT WARNING * * *
The yak barely misses you. The yak misses you. The yak barely misses you.
The yak completely misses you. The yak gores you.
You die...

#....#... #.
#....##.. #. #....
..# ######
###...###.# #..<..
###.####.# #.#### #
##.####.#####.#
#####.####.......#
########.####.#######
.....YY@Y.....#
########Y####.#
#####.###### #
##.##### ###.#####
####..#### ##.# #.#


You could see 4 yaks.

Vanquished Creatures
  Gastronok (D:8)
  Harold (D:9)
  Erica (D:8)
  A kobold demonologist (D:6)
  2 trolls (D:9)
  Grinder (D:5)
  A yak (D:9)
  Eustachio (D:6)
  A wyvern (D:9)
  A steam dragon (D:9)
  An acid dragon (D:8)
  A floating eye (D:9)
  A water moccasin (D:6)
  2 ice beasts (D:7)
  A black bear (D:6)
  3 ogres
  6 centaurs
  3 phantoms (D:5)
  2 kobold brigands (D:7)
  Blork the orc (D:4)
  3 gnoll sergeants
  4 bullfrogs
  2 scorpions
  9 wights
  7 killer bees (D:9)
  2 jellies
  4 gnoll boudas
  An orc priest (D:6)
  3 hounds
  A sleepcap (D:4)
  Crazy Yiuf (D:7)
  3 iguanas
  5 orc wizards
  Ijyb (D:5)
  33 gnolls
  4 adders
  6 shadow imps
  2 white imps
  3 worms (D:2)
  4 dart slugs
  13 orcs
  3 bats
  10 endoplasms
  4 giant cockroaches
  11 goblins
  2 hobgoblins (D:1)
  6 jackals
  4 quokkas
  7 ball pythons
  3 frilled lizards
  20 kobolds
  6 rats
219 creatures vanquished.

Vanquished Creatures (others)
  A centaur (D:9)
1 creature vanquished.

Grand Total: 220 creatures vanquished

Notes
Turn   | Place    | Note
-------+----------+-------------------------------------------
     0 | D:1      | BONEBRO the Human Artificer began the quest for the Orb.
     0 | D:1      | Reached XP level 1. HP: 15/15 MP: 1/1
   159 | D:1      | Found a faded altar of an unknown god.
   159 | D:1      | Noticed a neqoxec
   184 | D:1      | Reached XP level 2. HP: 18/21 MP: 2/2
   663 | D:1      | Reached XP level 3. HP: 25/27 MP: 3/3
  1455 | D:2      | Reached XP level 4. HP: 16/35 MP: 4/4
  1833 | D:2      | Found Lemucar's Book Boutique.
  1930 | D:2      | Identified the +2 hand axe "Plog" {drain, +Blink rCorr}
  2472 | D:2      | Identified 3 scrolls of acquirement
  2472 | D:2      | Acquired the +4 consecrated labrys {holy, Valiant Fragile
                  | Fly SInv}
  2472 | D:2      | Found the +4 consecrated labrys {holy, Valiant Fragile Fly
                  | SInv}
  2473 | D:2      | Acquired a manual of Axes
  2474 | D:2      | Acquired the +0 pair of boots of the Sun {rF+ rN+++ Int-5
                  | Stlth+}
  2616 | D:3      | Found a shimmering altar of Xom.
  2644 | D:3      | Reached skill level 1 in Axes
  2656 | D:3      | Found a glowing silver altar of Zin.
  2701 | D:3      | Found a glowing golden altar of the Shining One.
  2704 | D:3      | Became a worshipper of the Shining One
  2746 | D:3      | Found a stormy altar of Qazlal.
  3337 | D:4      | Noticed Blork the orc
  3345 | D:4      | Killed Blork the orc
  3346 | D:4      | Reached skill level 4 in Axes
  3346 | D:4      | Reached XP level 5. HP: 37/41 MP: 5/5
  3401 | D:4      | Reached XP level 6. HP: 36/47 MP: 6/6
  3466 | D:4      | Found an ornate altar of the Wu Jian Council.
  3602 | D:4      | Reached skill level 5 in Axes
  3620 | D:4      | Reached skill level 6 in Axes
  3684 | D:4      | Found a sparkling altar of Nemelex Xobeh.
  3923 | D:5      | Entered Level 5 of the Dungeon
  3923 | D:5      | Noticed Ijyb
  3933 | D:5      | Reached skill level 7 in Axes
  3933 | D:5      | Reached XP level 7. HP: 35/52 MP: 7/7
  3934 | D:5      | Reached skill level 8 in Axes
  3935 | D:5      | Killed Ijyb
  4016 | D:5      | Reached skill level 9 in Axes
  4156 | D:5      | Noticed Grinder
  4156 | D:5      | Reached * piety under the Shining One
  4162 | D:5      | Killed Grinder
  4163 | D:5      | Reached skill level 10 in Axes
  4163 | D:5      | Reached XP level 8. HP: 58/61 MP: 8/8
  4167 | D:5      | Reached skill level 5 in Fighting
  4201 | D:5      | Reached skill level 11 in Axes
  4487 | D:5      | Reached skill level 12 in Axes
  4521 | D:5      | Reached XP level 9. HP: 49/68 MP: 9/9
  4824 | D:5      | Found a sacrificial altar of Ru.
  4858 | D:5      | Reached ** piety under the Shining One
  4916 | D:6      | Reached skill level 13 in Axes
  5040 | D:6      | Found a basalt altar of Yredelemnul.
  5298 | D:6      | Noticed Eustachio
  5309 | D:6      | Killed Eustachio
  5354 | D:6      | Noticed a kobold demonologist
  5362 | D:6      | Noticed an ice devil
  5362 | D:6      | Killed a kobold demonologist
  5363 | D:6      | Reached skill level 14 in Axes
  5506 | D:6      | Found Bevuivysk's Magic Scroll Shop.
  6251 | D:7      | Found Voneir's Antique Weapon Shop.
  6269 | D:7      | Reached XP level 10. HP: 67/74 MP: 10/10
  6323 | D:7      | Found a bloodstained altar of Trog.
  6346 | D:7      | Found a staircase to the Ecumenical Temple.
  6624 | D:7      | Reached skill level 5 in Armour
  6676 | D:7      | Reached *** piety under the Shining One
  6909 | D:7      | Found a runed translucent door.
  6910 | D:7      | Noticed Crazy Yiuf
  7125 | D:7      | Killed Crazy Yiuf
  7238 | D:8      | Noticed Gastronok
  7255 | D:8      | Killed Gastronok
  7456 | D:8      | Noticed Erica
  7471 | D:8      | Killed Erica
  7536 | D:8      | Found an iron altar of Okawaru.
  7936 | D:9      | Noticed Harold
  7942 | D:9      | Killed Harold
  7943 | D:9      | Reached skill level 10 in Armour
  7943 | D:9      | Reached XP level 11. HP: 71/79 MP: 11/11
  7954 | D:9      | Was placed under penance by the Shining One
  7954 | D:9      | Fell from the grace of the Shining One
  8078 | D:9      | Reached skill level 15 in Axes
  8948 | D:9      | Paralysed by a floating eye for 2 turns
  8952 | D:9      | Paralysed by a floating eye for 4 turns
  8958 | D:9      | Paralysed by a floating eye for 4 turns
  8966 | D:9      | Paralysed by a floating eye for 2 turns
  8972 | D:9      | Paralysed by a floating eye for 3 turns
  8978 | D:9      | Paralysed by a floating eye for 3 turns
  8985 | D:9      | Paralysed by a floating eye for 3 turns
  8990 | D:9      | Paralysed by a floating eye for 2 turns
  9074 | D:9      | Found a staircase to the Orcish Mines.
  9423 | D:10     | Entered Level 10 of the Dungeon
  9523 | D:10     | HP: 3/79 [yak (8)]
  9527 | D:10     | Slain by a yak

Illustrated notes

Levels and vault maps discovered:
D:1:      psy_arrival_dodecagon, layout_basic,
          dreamdust_ecumenical_altar_sealed_demon
D:2:      layout_loops_cross, serial_shops, shop, minmay_misc_feat_cross,
          glass_columns_c, minmay_ruptured
D:3:      layout_basic, xom_butterflies, nicolae_qazlal_scattered_showers,
          nicolae_overflow_crystal_walls, tso_oasis_becter
D:4:      layout_cave_pools, kennysheep_mini, nicolae_wu_jian_wuxing_cycle,
          serial_column_ruins, column_ruins_circle_small, column_ruins_grid_3,
          column_ruins_open_large, column_ruins_grid_1, column_ruins_grid_1,
          column_ruins_open_tiny, chequers_hall_statues_wall_a,
          chequers_serial_rivers_micro_c, uniq_blork_the_orc
D:5:      minmay_evil_eye, layout_rooms, nicolae_ru_the_path_less_chosen,
          uniq_ijyb, uniq_grinder
D:6:      layout_basic, mainiacjoe_overflow_paths, serial_shops,
          nicolae_shop_tiny_statue_garden, uniq_eustachio
D:7:      layout_basic, trog_three_pillars_becter,
          minmay_temple_entry_antechambers, serial_shops, shop,
          patterned_corridor, uniq_crazy_yiuf_cottage
D:8:      layout_basic, mainiacjoe_overflow_brackets, minmay_misc_feat_rows,
          uniq_erica, uniq_gastronok
D:9:      layout_stronghold, grunt_temple_overflow_lords_of_destruction,
          orc_0_dummy, onia_ninara_cookie, uniq_harold
D:10:     layout_loops_ring, kiku_gazebo_garden_becter, cheibriados_altar_1,
          erik_lair_dragon, reono_crystal_passage, uniq_nergalle

Skill      XL: |  1  2  3  4  5  6  7  8  9 10 11 |
---------------+----------------------------------+-----
Fighting       | 2 3 4 5 |  5.0
Axes           | 4 7 10 12 14 15 | 15.5
Armour         | 3 10 | 10.0
Dodging        | |  1.0
Stealth        | |  1.0
Evocations     | |  3.3

Action                     |  1- 3 |  4- 6 |  7- 9 | 10-12 || total
---------------------------+-------+-------+-------+-------++-------
  Melee: Club              |   158 |    69 |       |       ||   227
         Punch             |     1 |     1 |     1 |       ||     3
         Hand axe          |       |    27 |       |       ||    27
         Labrys            |       |    57 |   146 |   164 ||   367
  Evoke: Wand              |    11 |     5 |       |       ||    16
    Use: Scroll            |       |     3 |       |    13 ||    16
   Stab: Sleeping          |     2 |       |       |       ||     2
 Armour: Leather armour    |    45 |     3 |       |       ||    48
         Chain mail        |       |   106 |    62 |   430 ||   598
         Skin              |       |       |       |     7 ||     7
  Dodge: Dodged            |   112 |    85 |    72 |  1600 ||  1869
